 Dungeon Crawl Stone Soup version 0.27-a0-1188-g73eefd5def (webtiles) character file.

Game seed: 885552607160692052

1458 Armakuni the Comforter (level 9, 0/68 HPs)
             Began as a Human Wanderer on May 21, 2021.
             Was a Follower of Elyvilon.
             Slain by a gnoll sergeant
             ... wielding a +2 spear of flaming
              (7 damage)
             ... on level 6 of the Dungeon.
             The game lasted 00:15:11 (5713 turns).

Armakuni the Comforter (Human Wanderer)             Turns: 5713, Time: 00:15:12

Health: 0/68       AC:  5    Str: 12    XL:     9   Next: 5%
Magic:  13/14      EV: 10    Int: 16    God:    Elyvilon [*.....]
Gold:   209        SH:  0    Dex: 13    Spells: 6/8 levels left

rFire    . . .     SeeInvis .   a - +3 flail (freeze)
rCold    . . .     Faith    .   (no shield)
rNeg     . . .     Spirit   .   j - +0 leather armour
rPois    .         Reflect  .   y - +0 helmet
rElec    .         Harm     .   o - +0 cloak
rCorr    .         Rampage  .   (no gloves)
Will     .....                  (no boots)
Stlth    +.........             (no amulet)
HPRegen  0.21/turn              (no ring)
MPRegen  0.14/turn              (no ring)

@: no status effects
A: no striking features
a: Renounce Religion, Lesser Healing, Divine Protection


You were on level 6 of the Dungeon.
You worshipped Elyvilon.
Elyvilon was aware of your devotion.
You visited 2 branches of the dungeon, and saw 7 of its levels.

You collected 209 gold pieces.

Inventory:

Hand Weapons
 a - a +3 flail of freezing (weapon)
 b - a +0 hand crossbow
Missiles
 d - 21 bolts
 f - 30 arrows
Armour
 c - a +0 kite shield
 e - a +0 ring mail
 j - a +0 leather armour (worn)
 o - a +0 cloak (worn)
 q - a +0 scale mail
 y - a +0 helmet (worn)
Scrolls
 n - a scroll of teleportation
 r - a scroll of noise
 s - 2 scrolls of identify
Potions
 i - 2 potions of mutation
 l - a potion of flight {unknown}
 m - a potion of degeneration {unknown}
 p - a potion of curing {unknown}
 v - a potion of haste
 w - a potion of attraction {unknown}
 x - a potion of lignification


   Skills:
 - Level 5.0 Fighting
 - Level 5.0 Maces & Flails
 - Level 2.0 Bows
 - Level 3.0 Armour
 - Level 1.0 Stealth
 - Level 1.0 Shields
 - Level 3.0 Ice Magic
 + Level 6.7 Invocations
 - Level 4.0 Evocations


You had 6 spell levels left.
You knew the following spells:

 Your Spells              Type           Power      Damage    Failure   Level
w - Wereblood             Tmut           0%         N/A       43%         2

Your spell library contained the following spells:

 Spells                   Type           Power      Damage    Failure   Level
 Ensorcelled Hibernation  Hex/Ice        8%         N/A       26%         2
 Beastly Appendage        Tmut           0%         N/A       32%         1
 Corona                   Hex            0%         N/A       32%         1
 Summon Small Mammal      Summ           0%         N/A       32%         1
 Call Imp                 Summ           0%         N/A       43%         2
 Call Canine Familiar     Summ           0%         N/A       67%         3
 Confusing Touch          Hex            0%         N/A       67%         3
 Dazzling Flash           Conj/Hex       0%         N/A       67%         3
 Spider Form              Tmut/Pois      0%         N/A       67%         3
 Summon Guardian Golem    Hex/Summ       0%         N/A       67%         3
 Tukima's Dance           Hex            0%         N/A       67%         3
 Ice Form                 Ice/Tmut       4%         N/A       86%         4
 Summon Ice Beast         Ice/Summ       4%         N/A       86%         4
 Summon Lightning Spire   Summ/Air       0%         N/A       97%         4
 Hydra Form               Tmut           0%         N/A       100%        5


Dungeon Overview and Level Annotations

Branches:
Dungeon (6/15)             Temple (1/1) D:4

Altars:
Ashenzari
Cheibriados
Elyvilon
Fedhas
Gozag
Hepliaklqana
Kikubaaqudgha
Makhleb
Nemelex Xobeh
Okawaru
Qazlal
Ru
Sif Muna
Trog
Uskayaw
Vehumet
Wu Jian
Xom
Yredelemnul
Zin
The Shining One


Message History

You sock the gnoll! You freeze the gnoll.
You kill the gnoll!
The gnoll barely misses you. The gnoll hits you but does no damage.
The gnoll sergeant hits you from afar with a +2 spear of flaming.
The gnoll sergeant burns you.
You see here a +0 flail.
You sock the gnoll! You freeze the gnoll.
You kill the gnoll!
The gnoll sergeant hits you from afar with a +2 spear of flaming!
The gnoll sergeant burns you.
A gnoll comes into view. It is wielding a +0 spear.
A gnoll comes into view. It is wielding a +0 whip.
The gnoll sergeant hits you with a +2 spear of flaming!
The gnoll sergeant burns you.
The gnoll moves out of view.
Things that are here:
a +0 halberd; a gnoll corpse You are healed.
The water moccasin hisses angrily.
The gnoll sergeant hits you with a +2 spear of flaming!
The gnoll sergeant burns you.
You hit the gnoll sergeant. You freeze the gnoll sergeant.
The gnoll sergeant is heavily wounded.
The gnoll sergeant barely misses you. The gnoll barely misses you.
You closely miss the gnoll sergeant.
The gnoll sergeant is heavily wounded.
The gnoll sergeant completely misses you.
The gnoll hits you from afar with a +0 spear.
* * * LOW HITPOINT WARNING * * *
You closely miss the gnoll sergeant.
The gnoll sergeant is heavily wounded.
The gnoll sergeant hits you with a +2 spear of flaming!
* * * LOW HITPOINT WARNING * * *
The gnoll sergeant burns you.
* * * LOW HITPOINT WARNING * * *
The gnoll hits you from afar with a +0 spear.
* * * LOW HITPOINT WARNING * * *
The gnoll sergeant barely misses you.
The gnoll sergeant hits you from afar with a +2 spear of flaming!
You die...

#. ..# #. ..#
#. ###..#
#.####.g..#
#.<...S...#
###.##g####
#.##g# #>##)#
#.##@# #.##.#
##.##.#
#####..##)#
#.##...#.###.#
#.........##.#
####....#....#
####...####
##.##


You could see a water moccasin, a gnoll sergeant (corroded) and 2 gnolls.

Vanquished Creatures
  Sigmund (D:3)
  2 ice beasts (D:5)
  A black bear (D:5)
  2 ogres
  A necrophage (D:5)
  A centaur (D:5)
  2 phantoms (D:5)
  2 scorpions (D:4)
  4 hounds
  A jelly (D:5)
  Terence (D:2)
  Jessica (D:2)
  Ijyb (D:3)
  2 iguanas (D:4)
  Robin (D:3)
  5 gnolls
  A howler monkey skeleton (D:5)
  3 adders
  4 dart slugs
  5 orcs
  6 endoplasms
  10 goblins
  11 hobgoblins
  10 jackals
  2 quokkas
  7 ball pythons
  2 bats (D:1)
  5 frilled lizards
  A jackal skeleton (D:4)
  3 kobolds
  A rat (D:3)
99 creatures vanquished.

Notes
Turn   | Place    | Note
-------+----------+-------------------------------------------
     0 | D:1      | Armakuni the Human Wanderer began the quest for the Orb.
     0 | D:1      | Armakuni set off with the following items: a +0 mace, a +0
                  | kite shield, a +0 shortbow, 24 arrows, a +0 robe
     0 | D:1      | Reached XP level 1. HP: 13/13 MP: 1/1
    60 | D:1      | Reached skill level 1 in Fighting
   306 | D:1      | Reached XP level 2. HP: 19/21 MP: 2/2
  1048 | D:2      | Noticed Terence
  1073 | D:2      | Killed Terence
  1074 | D:2      | Reached XP level 3. HP: 27/29 MP: 3/3
  1491 | D:2      | Noticed Jessica
  1494 | D:2      | Killed Jessica
  1495 | D:2      | Reached XP level 4. HP: 37/37 MP: 4/4
  1892 | D:3      | Reached XP level 5. HP: 42/42 MP: 5/5
  1894 | D:3      | Noticed Robin
  1910 | D:3      | Killed Robin
  2359 | D:3      | Noticed Sigmund
  2374 | D:3      | Killed Sigmund
  2375 | D:3      | Reached XP level 6. HP: 49/49 MP: 6/6
  2830 | D:3      | Noticed Ijyb
  2835 | D:3      | Paralysed by Ijyb for 6 turns
  2841 | D:3      | Killed Ijyb
  3118 | D:4      | Reached XP level 7. HP: 47/55 MP: 7/7
  3126 | D:4      | Reached skill level 5 in Fighting
  3276 | D:4      | Found a staircase to the Ecumenical Temple.
  3299 | D:4      | Reached skill level 1 in Maces & Flails
  3313 | Temple   | Entered the Ecumenical Temple
  3444 | Temple   | Became a worshipper of Elyvilon the Healer
  4053 | D:4      | Identified the +2 robe "Avonam" {rC- Str+8}
  4351 | D:4      | Reached skill level 1 in Invocations
  4366 | D:4      | Found a burning altar of Makhleb.
  4397 | D:4      | Reached * piety under Elyvilon
  4501 | D:5      | Entered Level 5 of the Dungeon
  4520 | D:5      | Reached skill level 2 in Invocations
  4685 | D:5      | Reached XP level 8. HP: 62/62 MP: 9/9
  4766 | D:5      | Learned a level 2 spell: Wereblood
  4928 | D:5      | Reached skill level 3 in Invocations
  5073 | D:5      | Reached skill level 5 in Maces & Flails
  5073 | D:5      | Reached skill level 4 in Invocations
  5163 | D:5      | Found a glowing golden altar of the Shining One.
  5163 | D:5      | Found a sacrificial altar of Ru.
  5249 | D:5      | Reached skill level 5 in Invocations
  5411 | D:5      | Found an opulent altar of Gozag.
  5415 | D:5      | Reached skill level 6 in Invocations
  5484 | D:5      | Identified the +0 ring mail of Absence {rPois Str-2 Int+2}
  5628 | D:6      | Reached XP level 9. HP: 23/68 MP: 13/13
  5713 | D:6      | Slain by a gnoll sergeant

Illustrated notes

Levels and vault maps discovered:
D:1:      lightli_arrival_statue_moat, layout_loops_cross, minivault_14
D:2:      layout_basic, uniq_terence, uniq_jessica
D:3:      layout_loops_ring, serial_bayou_crossing, uniq_robin, uniq_ijyb,
          uniq_sigmund
D:4:      layout_cave_pools, kennysheep_little_box, minmay_temple_entry_arrows,
          minmay_between
D:5:      layout_basic, old_standard_altar, gammafunk_temple_overflow_wave
D:6:      layout_loops_ring, grunt_dithmenos_smoke, water_maze_lemuel
Temple:   minmay_crystal_spiral_temple

Skill      XL: |  1  2  3  4  5  6  7  8 |
---------------+-------------------------+-----
Fighting       | 1 3 4 5 |  5.0
Evocations     | 3 4 |  4.0
Maces & Flails | 4 5 |  5.0
Invocations    | 2 6 |  6.7
Bows           | |  2.0
Armour         | |  3.0
Stealth        | |  1.0
Shields        | |  1.0
Ice Magic      | |  3.0

Action                   |  1- 3 |  4- 6 |  7- 9 || total
-------------------------+-------+-------+-------++-------
Melee: Flail             |       |       |   124 ||   124
 Fire: Shortbow          |    92 |   110 |    40 ||   242
Invok: Lesser Healing    |       |       |    18 ||    18
Evoke: Wand              |       |     5 |    11 ||    16
  Use: Scroll            |     4 |     3 |     5 ||    12
       Potion            |     1 |       |     2 ||     3
 Stab: Paralysed         |       |       |    12 ||    12
Armor: Robe              |     5 |       |       ||     5
       Skin              |     9 |       |       ||     9
       Leather armour    |       |    16 |    61 ||    77
Dodge: Dodged            |    23 |    18 |    93 ||   134

Table legend: (Time is in decaauts)
 A = Elapsed time spent in this place.
 B = Non-inter-level travel time spent in this place.
 C = Inter-level travel time spent in this place.
 D = Time resting spent in this place.
 E = Time spent auto-exploring this place.
 F = Levels seen in this place.
 G = Mean time per level.
                   A        B        C        D        E       F      G
               +--------+--------+--------+--------+--------+-----+--------+
         Total |   5790 |   5496 |    294 |    635 |   3688 |   7 |  827.1 |
       Dungeon |   5571 |   5362 |    209 |    635 |   3561 |   6 |  928.5 |
        Temple |    218 |    133 |     85 |      0 |    127 |   1 |  218.0 |
               +--------+--------+--------+--------+--------+-----+--------+

Top non-repeatable levels by time:
     D:3: 1340 daAuts
     D:4: 1198 daAuts
     D:5: 1113 daAuts
     D:1: 1033 daAuts
     D:2: 772 daAuts
  Temple: 218 daAuts
     D:6: 113 daAuts
